 Dungeon Crawl Stone Soup version 0.31.0-11-ge490571c62 (webtiles) character file.

Game seed: 12657093831995540888

52 Bravepunisher the Ducker (level 3, 0/20 HPs)
             Began as a Spriggan Monk on Feb 4, 2024.
             Was a Believer of Makhleb.
             Succumbed to an adder's poison
             ... on level 3 of the Dungeon.
             The game lasted 00:02:20 (326 turns).

Bravepunisher the Ducker (Spriggan Monk)             Turns: 326, Time: 00:02:21

Health: 0/20       AC:  2    Str:  7    XL:     3   Next: 60%
Magic:  4/4        EV: 20    Int: 11    God:    Makhleb [**....]
Gold:   16         SH:  0    Dex: 19    Spells: 2/2 levels left

rFire   . . .        a - +0 short sword
rCold   . . .        (no shield)
rNeg    . . .        b - +0 robe
rPois   .            (helmet restricted)
rElec   .            (no cloak)
rCorr   .            (gloves unavailable)
SInv    +            (boots unavailable)
Will    .....        (no amulet)
Stlth   ++           (no ring)
HPRegen 0.23/turn    (no ring)
MPRegen 0.09/turn

%: no passive effects
@: lethally poisoned (0 -> -1), very quick
A: very small, no large weapons, unfitting armour, see invisible, speed 3
a: Renounce Religion, Minor Destruction


You were on level 3 of the Dungeon.
You worshipped Makhleb.
Makhleb was pleased with you.
You visited 2 branches of the dungeon, and saw 5 of its levels.

You collected 16 gold pieces.

Inventory:

Hand Weapons
 a - a +0 short sword (weapon)
Armour
 b - a +0 robe (worn)


   Skills:
 + Level 3.0 Fighting
 - Level 3.2 Short Blades
 + Level 5.5 Dodging
 * Level 0.0 Invocations


You had 2 spell levels left.
You didn't know any spells.
Your spell library was empty.

Dungeon Overview and Level Annotations

Branches:
Dungeon (4/15)             Temple (1/1) D:4

Altars:
Ashenzari
Cheibriados
Gozag
Kikubaaqudgha
Makhleb
Qazlal
Ru
Vehumet
Xom
The Shining One


Innate Abilities, Weirdness & Mutations

You are very small and have problems with some larger weapons.
You are too small for most types of armour.
You have supernaturally acute eyesight. (SInv)
You cover ground extremely quickly. (Speed+++)


Message History

Aiming: Minor Destruction (24% risk of failure)
Press: ? - help, Shift-Dir - straight line, f - kobold, p - adder
Aim: a kobold, wielding a +0 short sword (heavily wounded)
The puff of flame hits the adder.
The adder is almost dead.
The adder bites you.
Unknown command.
Aiming: Minor Destruction (24% risk of failure)
Press: ? - help, Shift-Dir - straight line, f/p - kobold
Aim: a kobold, wielding a +0 short sword (heavily wounded)
The adder resists with some effort.
The adder bites you. The adder bites you but does no damage.
Unknown command.
Aiming: Minor Destruction (24% risk of failure)
Press: ? - help, Shift-Dir - straight line, f/p - kobold
Aim: a kobold, wielding a +0 short sword (heavily wounded)
You fail to use your ability.
The adder bites you but does no damage.
Unknown command.
Aiming: Minor Destruction (24% risk of failure)
Press: ? - help, Shift-Dir - straight line, f/p - kobold
Aim: a kobold, wielding a +0 short sword (heavily wounded)
You fail to use your ability.
The adder bites you.
* * * LOW HITPOINT WARNING * * *
You are poisoned.
The adder poisons you!
You aren't carrying any potions.
* * * LOW HITPOINT WARNING * * *
You feel sick. The adder attacks as it pursues you! The adder misses you.
* * * LOW HITPOINT WARNING * * *
You feel sick.
Aiming: Minor Destruction (24% risk of failure)
Press: ? - help, Shift-Dir - straight line, f/p - kobold
Aim: a kobold, wielding a +0 short sword (moderately wounded)
The adder resists with some effort.
* * * LOW HITPOINT WARNING * * *
You feel sick. The adder closely misses you.
Unknown command.
You hit the adder but do no damage.
The adder is almost dead.
You die...

###### #>(.(#
#..#.# ##...##
##.@.# ###S# .#
#S# .# #K## ..#
#..#####..#
#......#.#
####.....##
##......#
######..<....##


You could see an adder, a ball python and a kobold.

Vanquished Creatures
  A hound (D:4)
  An adder (D:4)
  A ball python (D:1)
  2 endoplasms
  2 giant cockroaches (D:1)
  2 goblins
  A hobgoblin (D:1)
  A quokka (D:3)
  A rat (D:1)
12 creatures vanquished.

Notes
Turn   | Place    | Note
-------+----------+-------------------------------------------
     0 | D:1      | Bravepunisher the Spriggan Monk began the quest for the
                  | Orb.
     0 | D:1      | Reached XP level 1. HP: 11/11 MP: 2/2
   116 | D:1      | Reached XP level 2. HP: 7/16 MP: 3/3
   173 | D:4      | Reached skill level 5 in Dodging
   173 | D:4      | Reached XP level 3. HP: 8/19 MP: 4/4
   256 | D:4      | Found a staircase to the Ecumenical Temple.
   261 | Temple   | Entered the Ecumenical Temple
   273 | Temple   | Became a worshipper of Makhleb the Destroyer
   273 | Temple   | Reached * piety under Makhleb
   273 | Temple   | Reached ** piety under Makhleb
   325 | D:3      | HP: 1/20 [poisoned by an adder]
   326 | D:3      | Succumbed to an adder's poison

Illustrated notes

Levels and vault maps discovered:
D:1:      heliophobic_arrival_ceremonial_halls, layout_basic,
          shapermc_ecumenical_altar_flowoftime
D:2:      layout_loops_corners, basic_altar, kennysheep_generic_room_12
D:3:      layout_rooms, serial_shops, shop, gup_sewer_entry_spiral,
          mrwooster_statue_mirror, uniq_ijyb, uniq_jessica
D:4:      layout_basic, nzn_overflow_gifts_of_might_and_magic, temple_statues,
          kennysheep_opposing_triangles, uniq_natasha
Temple:   nicolae_temple_bog_church

Skill      XL: |  1  2  3 |
---------------+----------+-----
Dodging        | 5 |  5.5
Fighting       | 3 |  3.0
Short Blades   | |  3.2

Action                     || total
---------------------------++-------
  Melee: Short sword       ||    54
         Punch             ||     2
 Invoke: Minor Destruction ||     9
    Use: Potion            ||     1
 Armour: Robe              ||    24
  Dodge: Dodged            ||    53
